 Dungeon Crawl Stone Soup version 0.20-a0-792-g09bcfd3 (webtiles) character file.

57 krabocopter the Ruffian (level 4, -5/37 (38) HPs)
             Began as a Ghoul Gladiator on Feb 28, 2017.
             Slain by a hobgoblin
             ... wielding a cursed +0 club
             ... led by Robin
              (8 damage)
             ... on level 2 of the Dungeon.
             The game lasted 00:06:15 (885 turns).

krabocopter the Ruffian (Ghoul Gladiator)            Turns: 885, Time: 00:06:16

HP:   -5/37 (38)    AC:  4    Str: 17    XL:     4   Next: 0%
MP:   3/3           EV: 12    Int:  3    God:
Gold: 62            SH:  0    Dex: 11    Spells: 3/3 levels left

rFire    . . .     SeeInvis .     - Unarmed
rCold    + . .     Gourm    .   a - +0 leather armour
rNeg     + + +     Faith    .   (no shield)
rPois    ∞         Spirit   .   b - +0 helmet
rElec    .         Reflect  .   (no cloak)
rCorr    .         Harm     .   (no gloves)
MR       .....                  (no boots)
Stlth    +.........             (no amulet)
Regen    0.0/turn               (no ring)
MPRegen  0.1/turn               (no ring)

@: rotting
A: rotting body, claws 1, carnivore 3, cold resistance 1, negative energy
resistance 3, inhibited regeneration, torment resistance, unbreathing
a: no special abilities


You were on level 2 of the Dungeon.
You were not hungry.

You visited 1 branch of the dungeon, and saw 2 of its levels.

You collected 62 gold pieces.

Inventory:

Missiles
 c - 4 throwing nets (quivered)
Armour
 a - a +0 leather armour (worn)
 b - a +0 helmet (worn)
Scrolls
 h - 2 scrolls of identify {unknown}
 i - a scroll of teleportation {unknown}
 j - 2 scrolls of remove curse {unknown}
 k - a scroll of enchant armour {unknown}
 m - a scroll of recharging {unknown}
Potions
 e - a potion of agility {unknown}
 g - a potion of resistance {unknown}
 l - a potion of might {unknown}
Comestibles
 d - a meat ration


   Skills:
 + Level 3.3 Fighting
 - Level 1.7 Throwing
 - Level 2.6 Dodging
 * Level 4.5 Unarmed Combat


You had 3 spell levels left.
You didn't know any spells.

Dungeon Overview and Level Annotations

Branches:
Dungeon (2/15)

Altars:

Annotations:
D:2 Robin


Innate Abilities, Weirdness & Mutations

Your body is rotting away.
You thrive on raw meat.
You are immune to poison.
You have sharp fingernails.
You are carnivorous and can eat meat at any time.
Your flesh is cold resistant. (rC+)
You are immune to negative energy. (rN+++)
You do not regenerate when monsters are visible.
You are immune to unholy pain and torment.
You can survive without breathing.


Message History

* * * LOW HITPOINT WARNING * * *
You take 8 damage, and have 9/30 hp.
MASSIVE DAMAGE!!
Okay, then.
You eat one of the 2 meat rations.
That meat ration really hit the spot!
The hobgoblin hits you with a club.
* * * LOW HITPOINT WARNING * * *
Robin throws the goblin at you!
You take 6 damage, and have 3/30 hp.
You scratch the goblin.
You kill the goblin!
The hobgoblin barely misses you. Robin throws the goblin at you!
The goblin unwields an uncursed hunting sling.
The goblin closely misses you.
You see here a goblin corpse.
You scratch the goblin.
You kill the goblin!
You have reached level 4!
The hobgoblin hits you with a club!
You die...

#.#. ..#. #... #
#.#. .# .
....###.#### #.
#.##.......##
#..#####.##g..>.....
........#g###.##.#.
#....@## .. #...).#
.[# #.<...# g#
#......# .g
#.....#... #
###.####.## #.# .#
<.. # #..


You could see Robin and a hobgoblin.

Vanquished Creatures
  2 adders (D:2)
  An ooze (D:2)
  A leopard gecko (D:1)
  2 bats (D:1)
  A giant cockroach (D:2)
  5 goblins (D:2)
  5 hobgoblins
  3 jackals (D:1)
  3 frilled lizards (D:1)
  5 kobolds (D:1)
  3 rats (D:1)
31 creatures vanquished.

Notes
Turn   | Place    | Note
-------+----------+-------------------------------------------
     0 | D:1      | krabocopter the Ghoul Gladiator began the quest for the Orb.
     0 | D:1      | Reached XP level 1. HP: 17/17 MP: 0/0
   125 | D:1      | Reached XP level 2. HP: 25/25 MP: 1/1
   465 | D:1      | Reached skill level 4 in Unarmed Combat
   550 | D:1      | Reached XP level 3. HP: 29/29 MP: 2/2
   865 | D:2      | Noticed Robin
   885 | D:2      | Reached XP level 4. HP: 3/37 MP: 3/3
   885 | D:2      | Slain by a hobgoblin

Vault maps used:
D:1:      dpeg_arrival_signposts, hangedman_abyss_or_decor_stabs, minmay_cut_off
D:2:      nemelex_xobeh_ov_fountains_minmay, nicolae_overflow_crystal_walls,
          minmay_misc_feat_cross, uniq_robin

Skill      XL: |  1  2  3 |
---------------+----------+-----
Unarmed Combat | 4 |  4.5
Fighting       | 3 |  3.3
Throwing       | |  1.7
Dodging        | |  2.6

Action                   |  1- 3 |  4- 6 || total
-------------------------+-------+-------++-------
Melee: Unarmed           |    89 |       ||    89
       Punch             |     1 |       ||     1
  Eat: Chunk             |     9 |       ||     9
       Meat ration       |     1 |       ||     1
Armor: Leather armour    |    24 |       ||    24
Dodge: Dodged            |    73 |       ||    73
